 Dungeon Crawl Stone Soup version 0.20-a0-390-g4892b34 (webtiles) character file.

45773 hairmachine the Fighter (level 14, -1/156 HPs)
             Began as an Ogre Skald on Dec 29, 2016.
             Was a High Priest of Kikubaaqudgha.
             Slain by an enchanted long sword (22 damage)
             ... on level 13 of the Dungeon on Dec 30, 2016.
             The game lasted 02:41:32 (24830 turns).

hairmachine the Fighter (Ogre Skald)               Turns: 24830, Time: 02:41:34

Health: -1/156     AC:  5    Str: 20      XL:     14   Next: 34%
Magic:  25/25      EV: 11    Int: 16      God:    Kikubaaqudgha [*****.]
Gold:   1314       SH:  0    Dex: 10 (11) Spells: 4/27 levels left

rFire  + . .     SeeInvis .     E - +7 giant spiked club (venom)
rCold  . . .     Gourm    .     y - +1 robe of Existentialism {rPois Dex+3 Slay+3}
rNeg   . . .     Faith    .     (shield currently unavailable)
rPois  +         Spirit   .     (helmet restricted)
rElec  .         Reflect  .     x - +0 cloak
rCorr  .         Harm     .     (gloves unavailable)
MR     +....                    (boots unavailable)
Stlth  +.........               r - amulet of regeneration
                                f - ring of protection from fire {rF+, !d}
                                F - +4 ring of slaying

@: about to teleport, drained
A: unfitting armour, tough skin 1
a: Receive Corpses, Torment, Renounce Religion


You were on level 13 of the Dungeon.
You worshipped Kikubaaqudgha.
Kikubaaqudgha was extremely pleased with you.
You were very hungry.

You visited 4 branches of the dungeon, and saw 22 of its levels.

You collected 1426 gold pieces.
You spent 112 gold pieces at shops.


Innate Abilities, Weirdness & Mutations

You are too large for most types of armour.
You have tough skin. (AC +1)


   Skills:
 - Level 14.0(13.6) Fighting
 + Level 13.3(13.0) Maces & Flails
 - Level 3.3(3.0) Throwing
 - Level 3.9(3.6) Dodging
 - Level 7.4(7.1) Spellcasting
 - Level 4.0(3.7) Charms
 * Level 12.5(12.2) Necromancy


You had 4 spell levels left.
You knew the following spells:

 Your Spells              Type           Power        Failure   Level  Hunger
a - Infusion              Chrm           ###.         2%          1    None
b - Song of Slaying       Chrm           ###.....     4%          2    None
c - Death Channel         Necr           #####.....   17%         6    #######
d - Sublimation of Blood  Necr           #####.....   1%          2    None
e - Control Undead        Necr           #####.....   1%          4    ####...
g - Regeneration          Chrm/Necr      ####......   1%          3    ##.....
u - Animate Skeleton      Necr           N/A          1%          1    None
U - Animate Dead          Necr           N/A          1%          4    ####...

Inventory:

Hand Weapons
 E - a +7 giant spiked club of venom (weapon)
   (You took it off an ogre on level 5 of the Dungeon)
 N - the +12 mace of Variability {chaos}
   (You found it on level 8 of the Dungeon)

   Each time it hits an enemy it has a different, random effect.
Missiles
 k - 25 stones
 C - 9 large rocks (quivered) {=f}
Armour
 x - a +0 cloak (worn)
   (You found it on level 3 of the Dungeon)
 y - the +1 robe of Existentialism (worn) {rPois Dex+3 Slay+3}
   (You found it on level 4 of the Dungeon)

   It affects your dexterity (+3).
   It affects your accuracy and damage with ranged weapons and melee attacks
   (+3).
   It protects you from poison.
 S - a +0 troll leather armour
   (You found it on level 11 of the Dungeon)
Jewellery
 f - a ring of protection from fire (right hand) {rF+, !d}
   (You found it on level 6 of the Dungeon)
 h - the ring of Quhisk {rCorr *Slow rF++ MR+ SInv}
   (You found it on level 4 of the Lair of Beasts)

   [ring of resist corrosion]

   It greatly protects you from fire.
   It affects your resistance to hostile enchantments.
   It lets you see invisible.
   It may slow you when you take damage.
 r - an amulet of regeneration (around neck)
   (You found it on level 3 of the Dungeon)
 F - a +4 ring of slaying (left hand)
   (You found it on level 7 of the Dungeon)
 Q - an uncursed amulet of rage {unknown}
   (You found it on level 12 of the Dungeon)
Wands
 a - a wand of slowing (12/48)
   (You found it on level 5 of the Dungeon)
 i - a wand of polymorph (12/24)
   (You found it on level 10 of the Dungeon)
 n - a wand of flame (13/48)
   (You found it on level 2 of the Lair of Beasts)
 G - a wand of acid (0/15)
   (You found it on level 7 of the Dungeon)
 O - a wand of digging (3/24)
   (You found it on level 3 of the Lair of Beasts)
 P - a wand of disintegration (13/24)
   (You found it on level 4 of the Lair of Beasts)
 T - a wand of paralysis (16/24)
   (You found it on level 10 of the Dungeon)
 Y - a wand of iceblast (7/15)
   (You found it on level 12 of the Dungeon)
Scrolls
 e - 4 scrolls of magic mapping {!r}
 l - 8 scrolls of remove curse {!r}
 o - 2 scrolls of fog {!r}
 p - 2 scrolls of amnesia {!r}
 q - 13 scrolls of identify {!r}
 t - 7 scrolls of teleportation {!r}
 v - 4 scrolls of fear {!r}
 B - 3 scrolls of silence {!r}
 L - a scroll of blinking {!r}
 M - a scroll of summoning {!r}
 U - a scroll of acquirement {!r, unknown}
 V - a scroll of immolation {!r, unknown}
Potions
 u - a potion of cancellation {!q, unknown}
 w - 2 potions of flight {!q}
 A - 4 potions of brilliance {!q}
 H - 2 potions of ambrosia {!q}
 K - a potion of haste {!q}
 X - a potion of might {!q}
 Z - a potion of magic {!q, unknown}
Books
 c - a book of Battle

   Spells                             Type                      Level
   a - Infusion                       Charms                       1
   b - Shroud of Golubria             Charms/Translocation         2
   c - Song of Slaying                Charms                       2
   d - Spectral Weapon                Hexes/Charms                 3
   e - Regeneration                   Charms/Necromancy            3
 g - Kikubaaqudgha's Grimoire of Evil {god gift}
   (Kikubaaqudgha gifted it to you on level 6 of the Dungeon)

   Spells                             Type                      Level
   a - Pain                           Necromancy                   1
   b - Corpse Rot                     Necromancy                   2
   c - Sublimation of Blood           Necromancy                   2
   d - Regeneration                   Charms/Necromancy            3
   e - Control Undead                 Necromancy                   4
 D - a book of Cantrips
   (You found it on level 7 of the Dungeon)

   Spells                             Type                      Level
   a - Confusing Touch                Hexes                        1
   b - Animate Skeleton               Necromancy                   1
   c - Summon Small Mammal            Summoning                    1
   d - Apportation                    Translocation                1
 I - a book of Unlife
   (You found it on level 2 of the Lair of Beasts)

   Spells                             Type                      Level
   a - Recall                         Summoning/Translocation      3
   b - Animate Dead                   Necromancy                   4
   c - Control Undead                 Necromancy                   4
   d - Cigotuvi's Embrace             Necromancy                   5
   e - Death Channel                  Necromancy                   6
   f - Simulacrum                     Ice/Necromancy               6
 R - Kikubaaqudgha's Disquisition on Sinister Rites {god gift}
   (Kikubaaqudgha gifted it to you on level 4 of the Lair of Beasts)

   Spells                             Type                      Level
   a - Excruciating Wounds            Charms/Necromancy            5
   b - Cigotuvi's Embrace             Necromancy                   5
   c - Dispel Undead                  Necromancy                   5
   d - Simulacrum                     Ice/Necromancy               6
   e - Death Channel                  Necromancy                   6
 W - a book of Changes
   (You found it on level 11 of the Dungeon)

   Spells                             Type                      Level
   a - Beastly Appendage              Transmutation                1
   b - Sticks to Snakes               Transmutation                2
   c - Spider Form                    Transmutation/Poison         3
   d - Ice Form                       Ice/Transmutation            4
   e - Blade Hands                    Transmutation                5
Comestibles
 b - 41 fruits
 d - 5 bread rations
 m - 10 royal jellies
 s - 3 meat rations
 z - 4 beef jerkies
 J - 4 slices of pizza

Dungeon Overview and Level Annotations

Branches:
Dungeon (13/15)            Temple (1/1) D:4            Lair (6/6) D:8
 Shoals (0/4) Lair:4       Spider (0/4) Lair:2        Slime (0/5) Lair:5
    Orc (2/2) D:11            Elf (0/3) Orc:2
 Vaults: D:13-14

Altars:
Dithmenos
Elyvilon
Fedhas
Gozag
Hepliaklqana
Kikubaaqudgha
Makhleb
Nemelex Xobeh
Okawaru
Qazlal
Ru
Sif Muna
Trog
Uskayaw
Yredelemnul
Zin
The Shining One
Beogh
Jiyva

Shops:
D:5 ?   D:10 *   D:12 }   Orc:2 ([

Annotations:
D:4 exclusion: 2 downstairs
D:6 exclusion: 2 downstairs
D:7 twist's ghost, novice HOFi
D:11 exclusion: 2 downstairs
D:12 exclusion: ice statue
Lair:1 exclusion: oklob plant
Lair:2 exclusion: downstairs
Lair:3 1 runed door, exclusions: electric eel and 2 more exclusions
Lair:6 1 exclusion

........#
.......@#
.....K((#
.......5#
......oo#
.......K######
.......K.....#
.......).....#
.............#
........######
.........
.........
..........
..........
...K.......


You could see a kobold demonologist, an orc warrior, 2 dancing weapons, an orc,
an ufetubus and 2 kobolds.


Message History

Found three items.
Found an escape hatch in the floor.
Found a stone staircase leading up and a stone staircase leading down.
There is a stone staircase leading up here.
A - 4 potions of brilliance {!q} (gained 2)
There is a stone staircase leading up here.
U - a scroll labeled YMODIN VIEXIM {!r}
Z - a bubbling green potion {!q}
Found a trident.
Found a stone staircase leading down.
You now have 1314 gold pieces (gained 17).
You hear the ticking of a distant clock.
A big kobold and an orc wizard come into view.
The orc wizard shouts!
The orc wizard moves out of view.
A kobold demonologist comes into view. It is wielding a dagger.
The big kobold shouts!
Throwing (i - inventory. (,) - cycle):
C - 10 large rocks (quivered)
{=f}
Press: ? - help, Shift-Dir - straight line, f - orc wizard
Aim: an orc wizard, wielding a dagger and wearing a robe You throw a large rock {=f}.
The large rock {=f} hits the orc wizard!
You kill the orc wizard!
An orc warrior comes into view. It is wielding a war axe.
An orc comes into view. It is wielding a dagger.
A kobold comes into view.
The kobold shouts!
The big kobold hits you with a whip.
Damage: -1%(-2hp) hp: 99%(154hp)
You closely miss the big kobold.
The orc shouts!
The big kobold hits you with a whip!
A kobold comes into view. It is wielding a whip.
Damage: -4%(-6hp) hp: 95%(148hp)
You barely miss the big kobold.
The kobold demonologist shouts!
The big kobold barely misses you.
The orc warrior hits you with a war axe.
The kobold demonologist looks braver for a moment.
The big kobold hits you with a whip.
An enchanted long sword comes into view.
Damage: -6%(-10hp) hp: 89%(138hp)
You impale the big kobold!!
You kill the big kobold!
The orc warrior closely misses you.
You barely miss the orc warrior.
The orc warrior hits you with a war axe.
An enchanted long sword comes into view.
You hit the orc warrior.
The orc warrior is poisoned.
The orc warrior is lightly wounded.
The orc warrior hits you but does no damage.
The kobold closely misses you. The orc hits you but does no damage.
You hit the orc warrior.
The orc warrior is moderately wounded.
The orc warrior barely misses you. The orc hits you with a dagger.
The kobold demonologist looks braver for a moment.
You barely miss the enchanted long sword.
The enchanted long sword hits you!
The orc warrior hits you but does no damage.
The kobold barely misses you. The orc hits you but does no damage.
The kobold demonologist casts a cantrip, but nothing happens.
The enchanted long sword hits you. The kobold closely misses you.
Damage: -11%(-17hp) hp: 79%(123hp)
The enchanted long sword hits you!
* * * LOW HITPOINT WARNING * * *
Damage: -9%(-15hp) hp: 70%(108hp)
You hit the orc warrior.
The orc warrior looks even sicker.
The orc warrior is heavily wounded.
The orc warrior barely misses you. The enchanted long sword hits you!!
* * * LOW HITPOINT WARNING * * *
The kobold demonologist gestures wildly while chanting.
The enchanted long sword hits you.
* * * LOW HITPOINT WARNING * * *
Huge Dmg: -15%(-23hp) hp: 55%(85hp)
The enchanted long sword hits you!
* * * LOW HITPOINT WARNING * * *
The kobold demonologist looks encouraged for a moment.
The enchanted long sword hits you!
* * * LOW HITPOINT WARNING * * *
Huge Dmg: -17%(-27hp) hp: 38%(58hp)
The enchanted long sword hits you.
* * * LOW HITPOINT WARNING * * *
Damage: -4%(-5hp) hp: 34%(53hp)
The enchanted long sword hits you!
* * * LOW HITPOINT WARNING * * *
Huge Dmg: -9%(-15hp) hp: 25%(38hp) Really read
t - 8 scrolls of teleportation {!r}?
As you read the scroll of teleportation {!r}, it crumbles to dust.
You feel strangely unstable. The enchanted long sword hits you!
* * * LOW HITPOINT WARNING * * *
The enchanted long sword hits you!
* * * LOW HITPOINT WARNING * * *
Huge Dmg: -15%(-23hp) hp: 10%(15hp) Really quaff
j - a potion of heal wounds {!q}?
You feel much better. The enchanted long sword hits you!!
* * * LOW HITPOINT WARNING * * *
The enchanted long sword hits you!!
You die...
Kikubaaqudgha rasps: "You have failed me!
Welcome... death!"

Vault maps used:
D:1:      minmay_arrival_semitransparent, grunt_decor_mini_mirrors
D:3:      minmay_misc_feat_roman
D:5:      lemuel_blue_sif_altar, serial_shops, shop, first_bread,
          hangedman_decor_slide_cut, uniq_menkaure, uniq_eustachio, uniq_pikel
D:7:      grunt_ministairs_3, uniq_crazy_yiuf_cottage
D:8:      statuecave_lemuel, lair_entry_dummy
D:9:      amethyst_overflow_temple_binary, basic_altar,
          hangedman_little_slice_of_home, grunt_gozag_breadcrumbs
D:10:     serial_shops, nicolae_shop_crystal
D:11:     david_orc_5, serial_curves, eino_curves_01, eino_curves_02,
          minmay_librarian, uniq_erolcha
D:12:     cheibrodos_frozen_isle, serial_shops, shop, wad_floor_pattern_2
D:13:     erik_vaults_1, serial_shops, kennysheep_mini, lab_entry_generic
Temple:   dpeg_five_rooms_temple
Lair:1:   minmay_lair_oklob_tunnel, nicolae_lair_grove_arrangements,
          st_stairs_9, infiniplex_staircase_pool, serial_bayou_shore_b
Lair:2:   spider_nest_entry_funnel_web
Lair:3:   gammafunk_lair_enchanted_lake, lemuel_fruit_tree, lemuel_fruit_fields
Lair:4:   elwin_shoals_entry_rocks
Lair:5:   slime_dummy, grunt_megastairs_1, lemuel_fruit_fields,
          serial_bayou_shore_b, lemuel_fruit_fields
Lair:6:   minmay_lair_end_frog_pond, worms_lemuel
Orc:2:    st_orc_open, serial_shops, shop

Notes
Turn   | Place    | Note
-------+----------+-------------------------------------------
     0 | D:1      | hairmachine the Ogre Skald began the quest for the Orb.
     0 | D:1      | Reached XP level 1. HP: 22/22 MP: 3/3
   335 | D:1      | You fall through a shaft!
   379 | D:1      | Reached XP level 2. HP: 29/29 MP: 5/5
   383 | D:1      | Learned a level 2 spell: Song of Slaying
  1285 | D:1      | Reached XP level 3. HP: 35/36 MP: 6/6
  2235 | D:2      | Learned a level 3 spell: Regeneration
  2466 | D:3      | Reached XP level 4. HP: 40/44 MP: 4/7
  2623 | D:3      | HP: 2/44 [poisoned by an adder]
  2629 | D:3      | HP: 2/44 [poisoned by an adder]
  2635 | D:3      | HP: 2/44 [poisoned by an adder]
  2641 | D:3      | HP: 1/44 [poisoned by an adder]
  3881 | D:4      | Got a smoking robe
  3882 | D:4      | Identified the +1 robe of Existentialism {rPois Dex+3 Slay+3} (You found it on level 4 of the Dungeon)
  3982 | D:4      | Reached skill level 3 in Fighting
  4038 | D:4      | Found a staircase to the Ecumenical Temple.
  4047 | Temple   | Entered the Ecumenical Temple
  4157 | Temple   | Became a worshipper of Kikubaaqudgha
  4237 | Temple   | Reached XP level 5. HP: 51/53 MP: 8/8
  4459 | D:4      | Reached skill level 1 in Necromancy
  4540 | D:4      | Reached skill level 4 in Fighting
  5023 | D:4      | Reached XP level 6. HP: 61/62 MP: 9/9
  5447 | D:5      | Entered Level 5 of the Dungeon
  5469 | D:5      | Noticed Eustachio
  5840 | D:5      | Noticed Pikel
  5841 | D:5      | Noticed a slave
  5845 | D:5      | Noticed a slave
  5846 | D:5      | Noticed a slave
  5849 | D:5      | Noticed a slave
  5856 | D:5      | HP: 3/94 [iguana (4)]
  5858 | D:5      | Killed Pikel
  5858 | D:5      | Reached skill level 5 in Fighting
  5858 | D:5      | Reached skill level 5 in Maces & Flails
  5858 | D:5      | Reached XP level 7. HP: 25/74 MP: 6/10
  6218 | D:5      | Found Vogoez's Magic Scroll Shop.
  6224 | D:5      | Bought a scroll of enchant weapon for 112 gold pieces
  6278 | D:5      | Reached skill level 6 in Fighting
  6278 | D:5      | Reached XP level 8. HP: 49/83 MP: 2/11
  6454 | D:5      | Learned a level 2 spell: Shroud of Golubria
  6834 | D:5      | Killed Eustachio
  6855 | D:5      | Found a deep blue altar of Sif Muna.
  6991 | D:5      | Noticed Menkaure
  6994 | D:5      | Killed Menkaure
  6994 | D:5      | Reached skill level 7 in Fighting
  7378 | D:6      | Reached * piety under Kikubaaqudgha
  7378 | D:6      | Identified Kikubaaqudgha's Grimoire of Evil {god gift} (Kikubaaqudgha gifted it to you on level 6 of the Dungeon)
  7378 | D:6      | Received a gift from Kikubaaqudgha
  7441 | D:6      | Learned a level 1 spell: Pain
  7515 | D:6      | Reached XP level 9. HP: 92/94 MP: 12/12
  7913 | D:6      | Reached skill level 8 in Fighting
  8307 | D:7      | Learned a level 2 spell: Sublimation of Blood
  8488 | D:7      | Found a runed door.
  8553 | D:7      | Noticed Crazy Yiuf
  8557 | D:7      | Killed Crazy Yiuf
  8642 | D:7      | Reached skill level 1 in Throwing
  8642 | D:7      | Reached skill level 5 in Necromancy
  8684 | D:7      | Noticed twist's ghost (novice HOFi)
  9577 | D:8      | Found a staircase to the Lair.
  9624 | D:8      | Learned a level 1 spell: Animate Skeleton
  9854 | D:8      | Reached ** piety under Kikubaaqudgha
  9903 | D:8      | Reached XP level 10. HP: 104/104 MP: 14/16
 10092 | D:8      | HP: 3/104 [wight/spear of freezing (4)]
 10752 | D:8      | HP: 2/104 [orc warrior/war axe (22)]
 11174 | Lair:1   | Entered Level 1 of the Lair of Beasts
 11188 | Lair:1   | Learned a level 4 spell: Control Undead
 11367 | Lair:1   | Noticed Tungsten's ghost (journeyman OpVM)
 11390 | Lair:1   | Killed Tungsten's ghost
 11390 | Lair:1   | Reached skill level 5 in Spellcasting
 11668 | Lair:1   | Noticed a four-headed hydra
 11923 | Lair:1   | Reached skill level 9 in Fighting
 12101 | Lair:1   | Noticed a spiny frog
 12115 | Lair:1   | Killed a four-headed hydra
 12115 | Lair:1   | Reached skill level 10 in Maces & Flails
 12115 | Lair:1   | Reached XP level 11. HP: 115/115 MP: 18/18
 12312 | Lair:1   | Noticed an oklob plant
 12342 | Lair:1   | Reached skill level 10 in Fighting
 12888 | Lair:2   | Found a hole to the Spider Nest.
 13731 | Lair:3   | Found a runed door.
 14669 | Lair:4   | Found a staircase to the Shoals.
 14883 | Lair:4   | Reached *** piety under Kikubaaqudgha
 14883 | Lair:4   | Identified Kikubaaqudgha's Disquisition on Sinister Rites {god gift} (Kikubaaqudgha gifted it to you on level 4 of the Lair of Beasts)
 14883 | Lair:4   | Received a gift from Kikubaaqudgha
 14892 | Lair:4   | Learned a level 4 spell: Animate Dead
 15036 | Lair:4   | Got a crude ivory ring
 15289 | Lair:4   | Reached XP level 12. HP: 127/127 MP: 21/21
 15570 | Lair:5   | Noticed a catoblepas
 15698 | Lair:5   | Reached skill level 11 in Fighting
 15910 | Lair:5   | Found a staircase to the Slime Pits.
 16220 | Lair:5   | Killed a catoblepas
 16787 | Lair:5   | Learned a level 6 spell: Death Channel
 16847 | Lair:6   | Entered Level 6 of the Lair of Beasts
 16871 | Lair:6   | Identified the ring of Quhisk {rCorr *Slow rF++ MR+ SInv} (You found it on level 4 of the Lair of Beasts)
 17008 | Lair:6   | Reached skill level 12 in Fighting
 17034 | Lair:6   | Reached **** piety under Kikubaaqudgha
 17035 | Lair:6   | Noticed an eight-headed hydra
 17044 | Lair:6   | Killed an eight-headed hydra
 17271 | Lair:6   | Reached XP level 13. HP: 121/141 MP: 21/24
 17311 | Lair:6   | Reached skill level 10 in Necromancy
 17635 | Lair:6   | Reached skill level 13 in Fighting
 19590 | D:8      | Upgraded the game from 0.20-a0-386-g2d247ea to 0.20-a0-390-g4892b34
 19648 | D:9      | Found a hazy altar of Hepliaklqana.
 19757 | D:9      | Reached ***** piety under Kikubaaqudgha
 19776 | D:9      | Found a viscous altar of Jiyva.
 19893 | D:9      | Found an opulent altar of Gozag.
 20042 | D:9      | Reached skill level 14 in Fighting
 20346 | D:9      | Found a blossoming altar of Fedhas.
 20356 | D:9      | Found a burning altar of Makhleb.
 20531 | D:10     | Entered Level 10 of the Dungeon
 20557 | D:10     | Found Focu's Assorted Antiques.
 21082 | D:11     | Noticed DEFE's ghost (journeyman DsGl)
 21087 | D:11     | Killed DEFE's ghost
 21199 | D:11     | Found a roughly hewn altar of Beogh.
 21199 | D:11     | Found a staircase to the Orcish Mines.
 21259 | D:11     | Noticed Erolcha
 21290 | D:11     | Killed Erolcha
 21438 | D:11     | Reached XP level 14. HP: 138/156 MP: 21/25
 22286 | D:12     | Found Milunarr's Gadget Shop.
 23427 | Orc:1    | Entered Level 1 of the Orcish Mines
 23910 | Orc:2    | Entered Level 2 of the Orcish Mines
 23911 | Orc:2    | Found a staircase to the Elven Halls.
 24175 | Orc:2    | Found Fugif's Armour Shop.
 24175 | Orc:2    | Found Pesusk's Antique Weapon Boutique.
 24830 | D:13     | Slain by an enchanted long sword

Vanquished Creatures
  The ghost of Tungsten the Tainter, a journeyman OpVM of Ashenzari (Lair:1)
  Erolcha (D:11)
  A catoblepas (Lair:5)
  4 hydras
  2 two-headed ogres
  The ghost of DEFE the Harbinger of Death, a journeyman DsGl of Yredelemnul (D:11)
  A vampire mage (D:11)
  Pikel (D:5)
  An ugly thing (D:11)
  6 elephants
  10 black mambas
  14 spiny frogs
  A centaur skeleton (D:10)
  A kobold demonologist (D:11)
  4 komodo dragons
  3 trolls
  4 tyrant leeches (Lair:6)
  8 blink frogs
  7 hippogriffs
  4 wyverns
  37 yaks
  2 basilisks
  Eustachio (D:5)
  3 hungry ghosts
  2 vampire mosquitoes (Lair:6)
  4 swamp worms (Lair:6)
  Menkaure (D:5)
  2 wargs
  6 water moccasins
  8 porcupines
  9 orc warriors
  A sky beast (D:11)
  5 ice beasts
  9 ogres
  3 phantoms
  8 wolves
  11 centaurs
  6 crocodiles
  A big kobold (D:13)
  18 bullfrogs
  2 water moccasin zombies
  A wyvern skeleton (D:12)
  2 scorpions
  7 killer bees
  6 wights
  An electric eel (Lair:6)
  A howler monkey (D:5)
  A bullfrog zombie (D:6)
  3 centaur zombies
  7 crimson imps
  9 hounds
  6 jellies
  2 bullfrog skeletons
  10 orc priests
  5 orc wizards
  Crazy Yiuf (D:7)
  2 iguanas
  7 hell rats
  6 worker ants
  A hound zombie (D:6)
  4 hound skeletons
  12 adders
  4 gnolls (Temple)
  A worker ant zombie (D:10)
  A howler monkey skeleton (D:6)
  3 shadow imps
  5 oozes (D:9)
  11 worms
  A dart slug (D:1)
  2 leopard geckos
  48 orcs
  5 giant cockroaches
  7 goblins
  9 hobgoblins
  7 jackals
  9 kobolds
  6 quokkas
  2 ball pythons
  9 bats
  4 frilled lizards
  A quokka zombie (D:7)
  6 rats
  2 plants
451 creatures vanquished.

Vanquished Creatures (collateral kills)
  A hydra (Lair:6)
  A two-headed ogre (D:12)
  An elephant (Lair:5)
  12 spiny frogs
  A komodo dragon (Lair:6)
  A jumping spider (Lair:2)
  6 blink frogs
  3 hippogriffs
  A wyvern (Lair:5)
  6 yaks
  4 vampire mosquitoes (Lair:6)
  An acid dragon (D:12)
  A porcupine (Lair:4)
  4 water moccasins
  An ogre (Orc:2)
  4 centaurs (D:12)
  A wolf (Lair:6)
  3 crocodiles
  6 bullfrogs (Lair:6)
  A howler monkey (D:11)
  5 wights
  A quasit (D:12)
  2 centaur skeletons (D:12)
  An orc wizard (Orc:2)
  An adder (D:9)
  3 worms (Lair:6)
  7 orcs (D:11)
  2 butterflies (Lair:5)
  2 fungi
  2 plants
85 creatures vanquished.

Vanquished Creatures (others)
  A slave (D:5)
  A wight (D:8)
  A shadow imp (D:5)
  An adder skeleton (D:5)
  A ball python (D:5)
  A butterfly (Lair:5)
  22 fungi
  51 plants
  6 toadstools (Lair:3)
85 creatures vanquished.

Grand Total: 621 creatures vanquished

Action                   |  1- 3 |  4- 6 |  7- 9 | 10-12 | 13-15 || total
-------------------------+-------+-------+-------+-------+-------++-------
Melee: Mace              |   126 |    98 |       |       |       ||   224
       Flail             |       |    56 |     6 |       |       ||    62
       Whip              |       |       |    13 |       |       ||    13
       Giant spiked club |       |       |   142 |   244 |   401 ||   787
       Giant club        |       |       |    28 |       |       ||    28
Throw: Stone             |    48 |    53 |    21 |       |       ||   122
       Large rock        |       |       |     8 |    47 |    37 ||    92
 Cast: Infusion          |     8 |     7 |     6 |     2 |     3 ||    26
       Song of Slaying   |     4 |       |     1 |     2 |     9 ||    16
       Pain              |       |       |    19 |     3 |       ||    22
       Regeneration      |       |       |     3 |    19 |    21 ||    43
       Animate Skeleton  |       |       |       |    32 |    14 ||    46
       Animate Dead      |       |       |       |    22 |    47 ||    69
Invok: Receive Corpses   |       |       |       |     7 |    10 ||    17
       Torment           |       |       |       |       |     1 ||     1
Evoke: Wand              |       |       |       |    10 |     4 ||    14
  Use: Potion            |       |     8 |       |     5 |     3 ||    16
       Scroll            |       |     1 |    11 |    22 |     7 ||    41
 Stab: Distracted        |       |       |       |     2 |     2 ||     4
       Sleeping          |       |       |       |       |     1 ||     1
  Eat: Chunk             |     5 |    10 |    11 |    22 |    31 ||    79
       Beef jerky        |       |       |     2 |       |       ||     2
       Meat ration       |       |       |     1 |     1 |     1 ||     3
       Royal jelly       |       |       |       |     1 |       ||     1
Armor: Robe              |    41 |    47 |    60 |    67 |    72 ||   287
       Skin              |       |     3 |     4 |       |       ||     7
Dodge: Dodged            |    60 |    83 |   120 |   169 |   273 ||   705

Skill      XL: |  1  2  3  4  5  6  7  8  9 10 11 12 13 14 |
---------------+-------------------------------------------+-----
Maces & Flails | 2 3 5 7 8 10 11 13 | 13.3
Charms         | 3 4 |  4.0
Fighting       | 3 4 5 6 7 8 9 10 12 14 | 14.0
Necromancy     | 1 3 4 5 6 8 9 11 12 | 12.5
Throwing       | 2 3 |  3.3
Spellcasting   | 4 5 6 7 |  7.4
Dodging        | 3 |  3.9
